 Dungeon Crawl Stone Soup version 0.24-a0-504-gcfb02b9d07 (webtiles) character file.

Game seed: 996335149702359991

96 SSevenTwenty the Chopper (level 4, -1/38 HPs)
             Began as a Draconian Berserker on July 16, 2019.
             Was a Believer of Trog.
             Succumbed to a gnoll's poison
             ... on level 2 of the Dungeon.
             The game lasted 00:04:01 (1495 turns).

SSevenTwenty the Chopper (Draconian Berserker)      Turns: 1495, Time: 00:04:01

Health: -1/38      AC:  5    Str: 20    XL:     4   Next: 41%
Magic:  4/4        EV: 12    Int: 13    God:    Trog [**....]
Gold:   104        SH:  0    Dex: 10    Spells: 3/3 levels left

rFire    x . .     SeeInvis .   a - +0 hand axe
rCold    + . .     Gourm    .   (no shield)
rNeg     + . .     Faith    .   (armour unavailable)
rPois    .         Spirit   .   (helmet restricted)
rElec    .         Reflect  .   (no cloak)
rCorr    .         Harm     .   (no gloves)
MR       .....                  (no boots)
Stlth    +.........             (no amulet)
HPRegen  0.12/turn              f - ring of positive energy
MPRegen  0.09/turn              j - ring of ice

@: brilliant, lethally poisoned (-1 -> -40)
A: unfitting armour, cold-blooded, AC +5
a: Berserk, Trog's Hand, Renounce Religion


You were on level 2 of the Dungeon.
You worshipped Trog.
Trog was pleased with you.
You were hungry.

You visited 1 branch of the dungeon, and saw 2 of its levels.

You collected 104 gold pieces.

Inventory:

Hand Weapons
 a - a +0 hand axe (weapon)
Jewellery
 f - a ring of positive energy (left hand)
 j - a ring of ice (right hand)
 k - a +2 ring of dexterity {unknown}
Scrolls
 c - a scroll of amnesia {unknown}
 g - a scroll of identify {unknown}
 i - 3 scrolls of remove curse {unknown}
 l - a scroll of random uselessness {unknown}
Potions
 e - a potion of cancellation
Comestibles
 b - 3 rations


   Skills:
 - Level 3.2 Fighting
 * Level 5.3 Axes
 - Level 2.6 Dodging


You had 3 spell levels left.
You didn't know any spells.
Your spell library was empty.

Dungeon Overview and Level Annotations

Branches:
Dungeon (2/15)

Altars:


Innate Abilities, Weirdness & Mutations

Your plain brown scales are hard. (AC +5)
You cannot fit into any form of body armour.
You are cold-blooded and may be slowed by cold attacks.


Message History

The gnoll hits you with a +0 whip of venom!
It was a potion of brilliance.
You feel clever all of a sudden.
You feel sick.
The gnoll hits you with a +0 whip of venom.
You are more poisoned.
You hit the gnoll but do no damage.
The gnoll is heavily wounded.
You feel very sick. The gnoll hits you but does no damage.
You are more poisoned.
You hit the gnoll.
The gnoll is heavily wounded.
* * * LOW HITPOINT WARNING * * *
You feel very sick.
The gnoll hits you with a +0 whip of venom!
* * * LOW HITPOINT WARNING * * *
You closely miss the gnoll.
The gnoll is heavily wounded.
You die...

##########.##..######
##........#g##..#######
#.........#............
#..#####..#.....#######
#..##.....g......##
#.......g.#.......#
##.##.###.##.#...##
#.##.###.#####.##
#.....@g.# #.#
####.##### #.# #)# #+#
######.### #........#
#.###....# #.##..[..###
#.##.......+
#.##.....###


You could see a gnoll.

Vanquished Creatures
  An orc priest (D:2)
  2 gnolls
  An ooze (D:1)
  A worm (D:2)
  2 dart slugs (D:1)
  2 leopard geckos (D:1)
  2 orcs (D:2)
  A giant cockroach (D:1)
  7 goblins (D:1)
  3 hobgoblins
  3 bats
  5 frilled lizards
  3 kobolds (D:1)
  4 rats
37 creatures vanquished.

Notes
Turn   | Place    | Note
-------+----------+-------------------------------------------
     0 | D:1      | SSevenTwenty the Draconian Berserker began the quest for
                  | the Orb.
     0 | D:1      | Reached XP level 1. HP: 19/19 MP: 1/1
   100 | D:1      | Reached XP level 2. HP: 24/26 MP: 2/2
   214 | D:1      | Reached skill level 4 in Axes
   297 | D:1      | Reached XP level 3. HP: 21/31 MP: 3/3
   498 | D:2      | Reached ** piety under Trog
   889 | D:2      | Reached skill level 5 in Axes
   889 | D:2      | Reached XP level 4. HP: 3/38 MP: 4/4
  1495 | D:2      | Succumbed to a gnoll's poison

Levels and vault maps discovered:
D:1:      shiori_shiawase, layout_rooms
D:2:      layout_loops_corners, uniq_robin

Skill      XL: |  1  2  3 |
---------------+----------+-----
Axes           | 4 5 |  5.3
Fighting       | |  3.2
Dodging        | |  2.6

Action                   |  1- 3 |  4- 6 || total
-------------------------+-------+-------++-------
Melee: Hand axe          |   111 |    26 ||   137
       Tailslap          |     7 |     1 ||     8
  Use: Potion            |       |     3 ||     3
  Eat: Chunk             |       |     1 ||     1
Armor: Skin              |    20 |    14 ||    34
Dodge: Dodged            |    59 |    26 ||    85

Table legend:
 A = Non-vault XP
 B = Vault XP
 C = Vault XP percentage of total XP
 D = Non-vault monster count
 E = Vault monster count
 F = Vault count percentage of total count
                 A         B        C        D         E       F
            +---------+---------+-------+---------+---------+-------
      Total |     138 |       0 |   0.0 |      37 |       0 |   0.0
            +---------+---------+-------+---------+---------+-------
        D:1 |      65 |       0 |   0.0 |      26 |       0 |   0.0
        D:2 |      73 |       0 |   0.0 |      11 |       0 |   0.0
            +---------+---------+-------+---------+---------+-------
